Map: Templo congelado

Players

Eternal - Winner!

  • Race: Zerg Zerg
  • League: Gold
  • Spawn Location: 11:00

IA (Más difícil)

  • Race: Protoss Protoss
  • Spawn Location: 5:00

VOD

Have the link to the VOD?

Description

Time

  • Played on: May 5, 2017, 9:42 p.m.
  • Length: 17:28
Show
View Real Time Build Order
Export as new Build Order

Eternal Zerg - Winner!

Build Orders: Pool First 

Get SALT Encoding   

  12  0:01  Drone  
  13  0:14  Overlord  
  13  0:18  Drone  
  14  0:33  Drone x2  
  16  0:36  Drone  
  17  0:47  Drone  
  18  0:58  Drone  
  18  1:01  Extractor  
  18  1:03  Spawning Pool  
  17  1:17  Hatchery  
  16  1:30  Drone x2  
  18  1:33  Drone  
  19  1:43  Overlord  
  19  1:51  Queen  
  21  1:57  Drone  
  22  2:06  Metabolic Boost  
  22  2:08  Zergling x2  
  23  2:19  Zergling x2  
  24  2:25  Zergling x2  
  25  2:31  Queen  
  25  2:32  Zergling x2  
  25  2:36  Zergling x2  
  29  2:41  Zergling x2  
  30  2:48  Baneling Nest  
  30  2:50  Zergling x2  
  30  2:52  Zergling x2  
  31  3:02  Spore Crawler  
  31  3:04  Drone x4  
  34  3:07  Spore Crawler  
  33  3:13  Overlord  
  33  3:23  Queen  
  35  3:42  Drone  
  35  3:46  Drone  
  35  3:47  Drone  
  38  3:55  Hatchery  
  36  4:05  Evolution Chamber  
  36  4:07  Queen  
  36  4:08  Evolution Chamber  
  36  4:10  Drone x3  
  36  4:15  Drone  
  36  4:16  Drone  
  41  4:23  Overlord  
  41  4:28  Baneling  
  41  4:29  Baneling x4  
  41  4:30  Baneling  
  41  4:39  Drone x2  
  41  4:41  Drone  
  41  4:42  Drone  
  45  4:46  Drone x3  
  45  4:50  Drone  
  45  4:51  Extractor, Drone  
  49  5:02  Drone x2  
  49  5:05  Extractor  
  49  5:06  Extractor  
  49  5:14  Lair  
  49  5:16  Drone x6  
  49  5:18  Drone  
  56  5:23  Overlord  
  56  5:42  Queen  
  56  5:44  Drone x5  
  56  5:49  Drone x2  
  65  6:14  Centrifical Hooks  
  65  6:19  Hydralisk Den, Queen  
  65  6:23  Overlord x2  
  66  6:31  Overlord x2  
  66  6:41  Queen x2  
  70  6:49  Zergling x2  
  70  6:50  Zergling x26  
  74  6:54  Queen  
  71  7:14  Zergling x2  
  71  7:15  Zergling x24  
  77  7:16  Queen  
  74  7:28  Drone x2  
  74  7:29  Drone  
  76  7:45  Zerg Melee Weapons Level 1  
  76  7:46  Zerg Ground Armor Level 1  
  76  7:47  Overlord x3  
  76  7:51  Drone x3  
  74  8:05  Hydralisk  
  68  8:06  Hydralisk x5  
  78  8:23  Overseer, Spine Crawler x2  
  76  8:31  Overseer  
  76  8:40  Muscular Augments  
  76  8:41  Infestation Pit  
  75  8:48  Pneumatized Carapace  
  75  8:53  Hydralisk  
  75  8:54  Hydralisk x7  
  91  9:01  Extractor x2  
  89  9:04  Drone x4  
  93  9:14  Drone x5  
  98  9:27  Zergling x8  
  98  9:28  Zergling x2  
  103  9:40  Zerg Missile Weapons Level 1  
  103  9:42  Drone x7  
  110  9:54  Drone x4  
  114  10:05  Hive  
  114  10:10  Zerg Ground Armor Level 2  
  114  10:15  Evolution Chamber  
  114  10:20  Hatchery  
  112  10:24  Hydralisk  
  112  10:26  Overlord x4  
  114  10:31  Extractor  
  114  10:32  Extractor  
  109  10:45  Overseer  
  109  10:47  Zergling x2  
  109  10:48  Zergling x30  
  109  10:49  Zergling x2  
  120  10:57  Zergling x4  
  114  11:06  Hydralisk x5  
  124  11:16  Baneling x7  
  124  11:18  Hatchery  
  123  11:35  Overseer  
  123  11:43  Zerg Missile Weapons Level 2  
  123  11:46  Zerg Melee Weapons Level 2  
  123  11:54  Drone x5  
  123  11:55  Drone x8  
  136  12:04  Hatchery  
  135  12:12  Hydralisk  
  135  12:14  Overlord x5  
  135  12:15  Overlord x2  
  137  12:34  Hydralisk  
  137  12:35  Hydralisk x7  
  153  12:48  Hydralisk x6  
  165  12:51  Baneling  
  165  12:52  Baneling x4  
  165  12:53  Zergling x2  
  166  13:15  Hydralisk x6  
  166  13:16  Hydralisk x5  
  188  13:24  Zerg Ground Armor Level 3  
  184  14:31  Zergling x10  
  183  14:32  Zergling x24  
  193  14:56  Zergling x8  
  193  14:57  Zergling x6  
  180  15:12  Zergling x24  
  180  15:13  Zergling x28  
  184  15:23  Evolution Chamber  
  184  15:24  Evolution Chamber  
  184  15:26  Evolution Chamber  
  178  15:50  Ultralisk Cavern  
  171  16:29  Hydralisk  
  171  16:30  Hydralisk x9  
  191  16:41  Baneling x5  
  191  16:42  Baneling  
Show
View Real Time Build Order
Export as new Build Order

IA (Más difícil) Protoss 

Build Orders:  

Get SALT Encoding   

  12  0:01  Probe (Chrono Boost)  
  13  0:11  Probe (Chrono Boost)  
  14  0:20  Pylon  
  14  0:22  Probe (Chrono Boost)  
  15  0:38  Probe (Chrono Boost)  
  16  0:46  Assimilator  
  16  0:49  Probe (Chrono Boost)  
  17  0:50  Gateway  
  17  0:59  Probe (Chrono Boost), Pylon  
  18  1:10  Probe (Chrono Boost)  
  19  1:21  Probe (Chrono Boost)  
  20  1:35  Zealot  
  22  1:41  Cybernetics Core  
  22  1:44  Gateway  
  22  1:45  Assimilator  
  22  1:59  Zealot  
  22  2:01  Pylon  
  24  2:20  Warp Gate  
  24  2:25  Stalker  
  26  2:30  Adept  
  28  2:42  Pylon  
  28  2:54  Zealot  
  30  2:59  Stalker  
  32  3:21  Zealot  
  34  3:27  Pylon, Stalker  
  36  3:45  Probe (Chrono Boost)  
  36  3:48  Zealot  
  39  3:55  Stalker  
  39  3:57  Probe (Chrono Boost)  
  42  4:06  Pylon  
  42  4:09  Probe (Chrono Boost)  
  43  4:14  Zealot  
  45  4:17  Forge  
  45  4:20  Probe (Chrono Boost)  
  47  4:31  Probe (Chrono Boost)  
  47  4:33  Stalker  
  49  4:43  Probe (Chrono Boost)  
  50  4:48  Adept  
  52  5:57  Protoss Ground Weapons Level 1  
  52  6:03  Sentry  
  54  6:05  Gateway  
  54  6:07  Photon Cannon  
  54  6:08  Photon Cannon  
  54  6:11  Stalker  
  56  6:13  Pylon, Nexus  
  56  6:16  Robotics Facility  
  56  6:25  Stalker  
  58  6:33  Stalker  
  58  6:34  Twilight Council  
  60  6:47  Stalker  
  56  6:56  Pylon, Stalker  
  58  7:04  Observer, Sentry  
  58  7:08  Blink  
  59  7:12  Stargate  
  59  7:13  Zealot  
  59  7:21  Adept  
  51  7:24  Observer  
  51  7:25  Probe (Chrono Boost)  
  51  7:28  Probe (Chrono Boost)  
  49  7:37  Probe (Chrono Boost)  
  49  7:39  Probe (Chrono Boost)  
  49  7:43  Protoss Ground Armor Level 1  
  49  7:44  Zealot  
  52  7:49  Probe (Chrono Boost)  
  54  7:51  Probe (Chrono Boost)  
  54  7:55  Stalker  
  56  8:00  Probe (Chrono Boost)  
  56  8:02  Probe (Chrono Boost)  
  56  8:03  Stalker  
  54  8:11  Stalker  
  54  8:12  Probe (Chrono Boost)  
  57  8:15  Probe (Chrono Boost)  
  58  8:21  Stalker  
  58  8:23  Probe (Chrono Boost)  
  58  8:26  Probe (Chrono Boost)  
  62  8:30  Stalker  
  65  8:35  Probe (Chrono Boost)  
  65  8:38  Stalker  
  67  8:46  Stalker  
  69  8:53  Stalker  
  69  8:54  Pylon  
  71  8:58  Pylon  
  71  9:01  Adept  
  73  9:06  Forge  
  73  9:22  Photon Cannon  
  73  9:28  Photon Cannon  
  73  9:38  Assimilator  
  73  9:43  Assimilator  
  74  10:00  Probe (Chrono Boost)  
  74  10:02  Immortal  
  74  10:06  Probe (Chrono Boost)  
  79  10:10  Gateway  
  79  10:15  Templar Archives, Nexus  
  79  10:36  Warp Prism  
  69  10:52  Zealot  
  57  11:02  Sentry  
  52  11:08  Warp Prism  
  52  11:12  Stalker  
  56  11:22  Stalker  
  58  11:32  High Templar  
  60  11:40  Assimilator  
  60  11:42  Observer  
  60  11:43  Assimilator, High Templar  
  63  12:00  Warp Prism  
  63  12:05  Probe (Chrono Boost)  
  63  12:07  Probe (Chrono Boost)  
  63  12:08  High Templar, Archon  
  70  12:09  Probe (Chrono Boost)  
  70  12:16  Probe (Chrono Boost)  
  70  12:18  High Templar  
  70  12:19  Probe (Chrono Boost)  
  74  12:23  Probe (Chrono Boost)  
  74  12:28  Probe (Chrono Boost)  
  76  12:30  Probe (Chrono Boost)  
  76  12:34  Probe (Chrono Boost), Immortal  
  81  12:39  Probe (Chrono Boost)  
  81  12:41  Probe (Chrono Boost)  
  81  12:42  Archon  
  81  12:43  High Templar  
  85  12:45  Probe (Chrono Boost)  
  85  12:50  Probe (Chrono Boost)  
  87  12:52  Probe (Chrono Boost)  
  87  12:53  High Templar  
  87  12:56  Probe (Chrono Boost)  
  91  13:01  Probe (Chrono Boost)  
  91  13:03  Probe (Chrono Boost)  
  92  13:08  Probe (Chrono Boost)  
  92  13:11  Observer  
  94  13:13  Probe (Chrono Boost), Nexus  
  94  13:19  Oracle  
  95  13:21  Protoss Ground Weapons Level 2  
  95  13:26  Protoss Ground Armor Level 2  
  98  13:27  Pylon  
  98  13:30  Observer  
  99  13:47  Stargate  
  99  13:50  Observer  
  99  13:52  Gateway  
  100  13:56  Fleet Beacon  
  100  13:57  Zealot  
  100  13:59  Robotics Bay  
  100  14:01  Stalker  
  104  14:03  Robotics Facility  
  104  14:04  Pylon  
  104  14:06  Zealot  
  106  14:10  Zealot  
  106  14:12  Void Ray  
  107  14:19  Stalker  
  107  14:23  Zealot  
  94  14:26  Zealot  
  94  14:30  Zealot, Mothership Core (Chrono Boost)  
  83  14:36  Nexus  
  77  14:42  Stalker  
  70  14:46  Stalker  
  70  14:50  Stalker  
  62  14:52  Phoenix  
  62  14:57  Probe (Chrono Boost)  
  62  14:58  Probe x2 (Chrono Boost)  
  50  15:09  Nexus  
  45  15:18  High Templar  
  21  15:22  High Templar  
  20  15:47  High Templar  
  20  15:51  High Templar  
  14  15:57  Probe (Chrono Boost)  
  14  15:58  Probe x2 (Chrono Boost)  
  8  16:08  Probe x2 (Chrono Boost)  
  4  16:19  Probe (Chrono Boost)  
  2  16:50  Probe (Chrono Boost)  
Tags
 
League
Gold
Matchup
PvZ
Opening
Pool First
Spawn Locations
Cross Positions
Add a new tag
Caveats
  • Supply blocks, unpowered buildings, or Contaminate may cause inaccurate times.
  • Supply counts are checked every 10 seconds.